 Dungeon Sprint DCSS version 0.24-a0-654-g80d7c3d (webtiles) character file.

Game seed: 14082195227493171579, levelgen mode: deterministic

4977149 schets the Demonic Cataclysm (level 22, 190/190 HPs)
             Began as a Demonspawn Monk on Sept 27, 2019.
             Was a High Priest of Qazlal.
             Escaped with the Orb
             ... and 3 runes on Sept 28, 2019!
             The game lasted 00:47:08 (13104 turns).

schets the Demonic Cataclysm (Demonspawn Monk)     Turns: 13104, Time: 00:47:08

Health: 190/190    AC: 57    Str: 25    XL:     22   Next: 41%
Magic:  53/53      EV: 21    Int: 21    God:    Qazlal [*****.]
Gold:   198        SH: 47    Dex: 17    Spells: 67/75 levels left

rFire    + + +     SeeInvis +     - Unarmed
rCold    + + .     Gourm    .   E - +10 large shield of Ignorance {rN+ Int-4}
rNeg     + + .     Faith    .   F - +14 gold dragon scales
rPois    +         Spirit   +   (helmet unavailable)
rElec    +         Reflect  +   q - +2 cloak {+Inv}
rCorr    +         Harm     .   X - +2 pair of gloves of Mirth {rCorr Int+3}
MR       ++...     NoTele   +   Z - +2 pair of boots of the Gusle {rElec}
Stlth    ..........             H - amulet "Nyebbil" {Reflect rC+ SH+2}
HPRegen  0.41/turn              K - ring "Jehipis" {rF+ rN+ MR+}
MPRegen  0.66/turn              V - ring of Honesty {-Tele rElec rF+ Str+8 Int+7}

@: studying Hexes, repel missiles
A: antennae 3, slimy green scales 3, frail 1, powered by death 3, augmentation
2, magic shield, magic regeneration
0: Orb of Zot
}: 3/3 runes: silver, golden, iron
a: Upheaval, Elemental Force, Disaster Area, Renounce Religion, Evoke
Invisibility


You escaped.
You worshipped Qazlal.
Qazlal was extremely pleased with you.
You were completely stuffed.

You visited 1 branch You collected 198 gold pieces.

Inventory:

Hand Weapons
 a - a +0 hand crossbow of flaming
Missiles
 n - 28 silver javelins (quivered)
 w - 24 javelins
 y - 2 throwing nets
Armour
 q - a +2 cloak of invisibility (worn)
 E - the +10 large shield of Ignorance (worn) {rN+ Int-4}
   (You found it in the Dungeon)

   It affects your intelligence (-4).
   It protects you from negative energy.
 F - +14 gold dragon scales (worn)
 X - the +2 pair of gloves of Mirth (worn) {rCorr Int+3}
   (You found it in the Dungeon)

   It affects your intelligence (+3).
   It provides partial protection from all sources of acid and corrosion.
 Z - the +2 pair of boots of the Gusle (worn) {rElec}
   (You found it in the Dungeon)

   It insulates you from electricity.
Jewellery
 d - the amulet "Xuitoc" {Faith rElec rN++ Str-4 Int+3}
   (You took it off a green draconian in the Dungeon)

   [amulet of faith]

   It allows you to gain divine favour quickly.
   It affects your strength (-4).
   It affects your intelligence (+3).
   It insulates you from electricity.
   It greatly protects you from negative energy.
 o - an uncursed ring of positive energy
 H - the amulet "Nyebbil" (around neck) {Reflect rC+ SH+2}
   (You found it in the Dungeon)

   [amulet of reflection]

   It shields you and reflects attacks.
   It protects you from cold.
   It affects your SH (+2).
 I - the amulet of Luivu {RegenMP Slay+3 Stlth+}
   (You found it in the Dungeon)

   [amulet of magic regeneration]

   It increases your magic regeneration.
   It affects your accuracy and damage with ranged weapons and melee attacks
   (+3).
   It makes you more stealthy.
 J - the amulet of Joy {+Rage rPois rN+ Str+5 Dex-5}
   (You found it in the Dungeon)

   [amulet of rage]

   It affects your strength (+5).
   It affects your dexterity (-5).
   It protects you from poison.
   It protects you from negative energy.
   It lets you go berserk.
 K - the ring "Jehipis" (left hand) {rF+ rN+ MR+}
   (You found it in the Dungeon)

   [ring of protection from fire]

   It protects you from fire.
   It protects you from negative energy.
   It affects your resistance to hostile enchantments.
 L - the amulet of Tempters {Reflect SH+2 Stlth+}
   (You found it in the Dungeon)

   [amulet of reflection]

   It shields you and reflects attacks.
   It affects your SH (+2).
   It makes you more stealthy.
 M - the ring of the Cricket {rPois MR+ Dex+3 Slay-2 Stlth+}
   (You found it in the Dungeon)

   [ring of protection from magic]

   It affects your dexterity (+3).
   It affects your accuracy and damage with ranged weapons and melee attacks
   (-2).
   It protects you from poison.
   It affects your resistance to hostile enchantments.
   It makes you more stealthy.
 O - a ring of the Octopus King {rF+ AC+1 EV+1 Str+1 Int+1 Dex+1}
   (You took it off a guardian mummy in the Dungeon)

   [ring of protection from fire]

   It affects your AC (+1).
   It affects your evasion (+1).
   It affects your strength (+1).
   It affects your intelligence (+1).
   It affects your dexterity (+1).
   It protects you from fire.
 Q - the amulet "Wieneid" {Regen+ Str+5}
   (You found it in the Dungeon)

   [amulet of regeneration]

   It affects your strength (+5).
   It increases your rate of regeneration.
 V - the ring of Honesty (right hand) {-Tele rElec rF+ Str+8 Int+7}
   (You found it in the Dungeon)

   [ring of protection from fire]

   It affects your strength (+8).
   It affects your intelligence (+7).
   It protects you from fire.
   It insulates you from electricity.
   It prevents most forms of teleportation.
 W - the ring of Jujohopt {+Blink MP+9 Str+6 Int-3 Slay+2}
   (You found it in the Dungeon)

   [ring of strength]

   It affects your strength (+6).
   It affects your intelligence (-3).
   It affects your accuracy and damage with ranged weapons and melee attacks
   (+2).
   It affects your magic capacity (+9).
   It lets you blink.
Wands
 p - a wand of acid (13)
 B - a wand of paralysis (8)
 G - a wand of polymorph (5)
Scrolls
 h - 8 scrolls of enchant armour
 j - 10 scrolls of remove curse
 k - 6 scrolls of amnesia
 l - a scroll of summoning
 m - 2 scrolls of vulnerability
 s - 6 scrolls of identify
 z - 4 scrolls of blinking
 N - a scroll of magic mapping
 T - 4 scrolls of enchant weapon
 U - 2 scrolls of fog
Potions
 c - 14 potions of curing
 e - 14 potions of haste
 f - 5 potions of magic
 g - 7 potions of berserk rage
 i - 2 potions of invisibility
 r - 6 potions of mutation
 u - 4 potions of agility
 v - 7 potions of might
 R - 2 potions of resistance
 S - a potion of brilliance
Books
 x - a manual of Hexes
Miscellaneous
 t - 5 phantom mirrors
 D - a crystal ball of energy
 P - a lightning rod (4/4)
 Y - a phial of floods
Comestibles
 b - 11 rations


   Skills:
 O Level 27 Fighting
 + Level 1.0 Crossbows
 + Level 1.0 Throwing
 O Level 27 Armour
 O Level 27 Dodging
 * Level 2.6 Stealth
 O Level 27 Shields
 O Level 27 Unarmed Combat
 O Level 27 Spellcasting
 + Level 1.7 Hexes
 O Level 27 Translocations
 O Level 27 Invocations
 O Level 27 Evocations


You had 67 spell levels left.
You knew the following spells:

 Your Spells              Type           Power        Failure   Level  Hunger
a - Controlled Blink      Tloc           N/A          1%          8    #####..

Your spell library contained the following spells:

 Spells                   Type           Power        Failure   Level  Hunger
 Blink                    Tloc           N/A          0%          2    None
 Gell's Gravitas          Tloc           ########..   0%          3    None
 Shroud of Golubria       Chrm/Tloc      ######       1%          2    None
 Portal Projectile        Hex/Tloc       ######       1%          3    None
 Force Lance              Conj/Tloc      ########     1%          4    None
 Dispersal                Tloc           ########..   1%          6    None
 Disjunction              Tloc           ########..   1%          8    #####..
 Slow                     Hex            ######..     6%          2    None
 Animate Skeleton         Necr           N/A          8%          1    None
 Infusion                 Chrm           ####         8%          1    None
 Magic Dart               Conj           ####         8%          1    None
 Call Imp                 Summ           ######..     12%         2    None
 Corpse Rot               Necr           N/A          12%         2    None
 Passwall                 Tmut/Erth      ######..     12%         2    None
 Song of Slaying          Chrm           ######..     12%         2    None
 Sticks to Snakes         Tmut           ######..     12%         2    None
 Sublimation of Blood     Necr           ######....   12%         2    None
 Spectral Weapon          Hex/Chrm       ######..     17%         3    None
 Conjure Flame            Conj/Fire      ######..     24%         3    None
 Mephitic Cloud           Conj/Pois/Air  ######..     24%         3    None
 Regeneration             Chrm/Necr      ######....   24%         3    None
 Cause Fear               Hex            ######....   36%         4    None
 Ice Form                 Ice/Tmut       ######..     61%         4    None
 Petrify                  Tmut/Erth      ######..     61%         4    None
 Metabolic Englaciation   Hex/Ice        ######....   83%         5    None
 Silence                  Hex/Air        ######....   83%         5    None
 Yara's Violent Unravell  Hex/Tmut       ######....   83%         5    None
 Agony                    Necr           ######..     91%         5    None
 Bolt of Draining         Conj/Necr      ######....   91%         5    None
 Dispel Undead            Necr           ######..     91%         5    None
 Excruciating Wounds      Chrm/Necr      ######....   91%         5    None
 Bolt of Cold             Conj/Ice       ######....   100%        6    None
 Deflect Missiles         Chrm/Air       ######....   100%        6    None
 Freezing Cloud           Conj/Ice/Air   ######....   100%        6    None
 Ozocubu's Refrigeration  Ice            ######....   100%        6    None
 Poison Arrow             Conj/Pois      ######....   100%        6    None
 Simulacrum               Ice/Necr       ######....   100%        6    None
 Statue Form              Tmut/Erth      ######...    100%        6    None
 Chain Lightning          Conj/Air       ######....   100%        8    #####..
 Discord                  Hex            ######....   100%        8    #####..
 Lehudib's Crystal Spear  Conj/Erth      ######....   100%        8    #####..
 Fire Storm               Conj/Fire      ######....   100%        9    #######
 Glaciate                 Conj/Ice       ######....   100%        9    #######


Dungeon Overview and Level Annotations

Branches:
Dungeon (1/1)

Altars:
Ashenzari
Cheibriados
Dithmenos
Elyvilon
Fedhas
Gozag
Hepliaklqana
Kikubaaqudgha
Makhleb
Nemelex Xobeh
Okawaru
Qazlal
Ru
Sif Muna
Trog
Uskayaw
Vehumet
Wu Jian
Xom
Yredelemnul
Zin
The Shining One
Beogh
Jiyva
Lugonu


Innate Abilities, Weirdness & Mutations

You have a pair of large antennae on your head. (SInv)
You are completely covered in slimy green scales. (AC +4, rPois)
You regenerate a lot of health from kills.
Your magical and physical power is enhanced at high health.
When hurt, damage is shared between your health and your magic reserves.
You regenerate magic rapidly.
You are frail. (-10% HP)


Message History

(D) Dungeon
Where to? (Enter - D @ (x,y), ? - help)
You see here +0 storm dragon scales.
Magic restored.
You see here a +0 demon trident of venom.
There is a huge open gate to the Final Vault (Nightmare!) here.
There is a huge open gate to the Final Vault (Nightmare!) here.
You see here 6 boomerangs.
Things that are here:
19 potions of heal wounds; a +0 large shield; a +3 eudemon blade of holy wrath You see here a +0 dagger.
There is a large open door to the Main Hall (Safe) here.
You see here a +1 hat of magic resistance.
There is a huge open gate to the Grid Vault (Hard) here.
There is a huge open gate to the Grid Vault (Hard) here.
Things that are here:
a +0 robe; a +0 dagger
There is an open door to the Entrance Hall (Safe), spattered with blood here.
There is a staircase leading out of the dungeon here.
You have escaped!

##########.##................''..
#.......)..)'................''..
#'#####.#####....[.#..#......##..
#.#.....#..##................##..
#.#.....#))#####°#####''#########
#.###'###))##.....○.##''#########
#.#.....#))##....○..##......#...'
#.#.....#..##...°...##.)..###...#
#.####'##'###...@...##.).##.'...'
#.#........##.○○..§.##..##..##'##
#.#........##.......##..#..##...#
#'###########.......##..#..#.....
#.......#..###########..'.)'....)
#(###...#.############..#..#.....
#.#.....#.#....#..[.##..#..##...#
#)#...#.#'#....#...[##..##..##'##
#.....#.#.'....'..))##...##.'...'


There were no monsters in sight!

Vanquished Creatures
  Antaeus (D)
  the Royal Jelly (D)
  Gloorx Vloq (D)
  Ignacio (D)
  Dissolution (D)
  the Serpent of Hell (D)
  An orb of fire (D)
  Mara (D)
  Mennas (D)
  5 ancient liches (D)
  6 greater mummies (D)
  A shard shrike (D)
  2 Killer Klowns (D)
  the Lernaean hydra (D)
  Xtahua (D)
  Margery (D)
  4 pandemonium lords (D)
  Frederick (D)
  3 curse toes (D)
  A golden dragon (D)
  Geryon (D)
  Nikola (D)
  Jory (D)
  A profane servitor (D)
  5 bone dragons (D)
  3 pearl dragons (D)
  5 Tzitzimimeh (D)
  6 liches (D)
  6 electric golems (D)
  5 Brimstone Fiends (D)
  2 hellephants (D)
  3 Ice Fiends (D)
  26 Orb Guardians (D)
  2 deep elf master archers (D)
  2 deep elf blademasters (D)
  4 acid blobs (D)
  9 titans (D)
  A quicksilver dragon (D)
  Gastronok (D)
  2 sphinxes (D)
  An Executioner (D)
  A death cob (D)
  2 storm dragons (D)
  Polyphemus (D)
  3 nagarajas (D)
  2 daevas (D)
  An iron dragon (D)
  2 draconian knights (D)
  3 azure jellies (D)
  3 frost giants (D)
  2 orc warlords (D)
  An emperor scorpion (D)
  2 ghost moths (D)
  5 ghouls (D)
  2 angels (D)
  4 balrugs (D)
  2 draconian scorchers (D)
  2 draconian stormcallers (D)
  2 cacodemons (D)
  4 draconian annihilators (D)
  An ophan (D)
  4 stone giants (D)
  3 vampire knights (D)
  A reaper (D)
  6 green draconians (D)
  3 black draconians (D)
  2 deep elf demonologists (D)
  A purple draconian (D)
  4 deep elf annihilators (D)
  A lorocyproca (D)
  A minotaur (D)
  A white draconian (D)
  3 red draconians (D)
  4 yellow draconians (D)
  5 dire elephants (D)
  3 ettins (D)
  4 blizzard demons (D)
  A green death (D)
  8 death oozes (D)
  2 merfolk javelineers (D)
  2 deep elf death magi (D)
  A fire dragon (shapeshifter) (D)
  13 mummy priests (D)
  2 deep elf high priests (D)
  7 fire dragons (D)
  A yaktaur captain (D)
  Harold (D)
  6 naga warriors (D)
  5 ice dragons (D)
  A vault guard (D)
  8 hydras (D)
  A rakshasa (D)
  A centaur warrior (D)
  An anaconda (D)
  4 catoblepae (D)
  A death knight (D)
  A merfolk avatar (D)
  A vampire mage (D)
  8 death yaks (D)
  A deep troll shaman (D)
  5 deep elf knights (D)
  2 soul eaters (D)
  3 sun demons (D)
  A flayed ghost (D)
  A sixfirhy (D)
  5 skeletal warriors (D)
  A wizard (D)
  A cherub (D)
  2 deep trolls (D)
  2 iron trolls (D)
  A spriggan druid (D)
  A deep elf archer (D)
  6 swamp dragons (D)
  3 lindwurms (D)
  9 deep elf magi (D)
  12 orc knights (D)
  An ugly thing (D)
  A manticore (D)
  2 moths of wrath (D)
  A naga mage (D)
  An eye of devastation (D)
  A molten gargoyle (D)
  A gargoyle (D)
  An orange demon (D)
  2 hellions (D)
  5 komodo dragons (D)
  4 yaktaurs (D)
  A hellwing (D)
  10 rime drakes (D)
  A demonic crawler (D)
  3 ice devils (D)
  2 tormentors (D)
  An efreet (D)
  A wandering mushroom (D)
  A freezing wraith (D)
  4 guardian mummies (D)
  A troll (D)
  A jumping spider (D)
  A tyrant leech (D)
  6 red devils (D)
  A blink frog (D)
  A hornet (D)
  10 merfolk (D)
  A hippogriff (D)
  2 wind drakes (D)
  4 dream sheep (D)
  A tarantella (D)
  10 redbacks (D)
  2 vampires (D)
  A wraith (D)
  A fire bat (D)
  A fire elemental (D)
  A yak (D)
  2 wyverns (D)
  3 golden eyes (D)
  4 basilisks (D)
  4 steam dragons (D)
  Eustachio (D)
  Grum (D)
  A warg (D)
  Edmund (D)
  7 acid dragons (D)
  2 nagas (D)
  5 insubstantial wisps (D)
  4 orc warriors (D)
  2 floating eyes (D)
  4 swamp drakes (D)
  A large abomination (D)
  2 eyes of draining (D)
  A black bear (D)
  8 wolves (D)
  2 centaurs (D)
  A crocodile (D)
  2 big kobolds (D)
  A quasit (D)
  A jelly (D)
  A hound (D)
  An orc priest (D)
  An iguana (D)
  A gnoll (D)
  An adder (D)
  2 river rats (D)
  A white imp (D)
  2 adder skeletons (D)
  7 adder zombies (D)
  2 worms (D)
  5 adder simulacra (D)
  5 orcs (D)
  A ball python (D)
  6 bat skeletons (D)
  2 bat zombies (D)
  A goblin (D)
  3 hobgoblins (D)
  2 jackals (D)
  A quokka (D)
  A ball python simulacrum (D)
  A ball python skeleton (D)
  2 ball python zombies (D)
  4 bat simulacra (D)
  A giant cockroach simulacrum (D)
  2 giant cockroach zombies (D)
  A jackal skeleton (D)
  3 kobolds (D)
  A leopard gecko skeleton (D)
  3 quokka skeletons (D)
  2 quokka zombies (D)
  A rat (D)
  2 crawling corpses (D)
563 creatures vanquished.

Vanquished Creatures (collateral kills)
  A lich (D)
  A nagaraja (D)
  An orc warlord (D)
  A deep elf demonologist (D)
  A vampire knight (D)
  A purple draconian (D)
  A merfolk javelineer (D)
  A death yak (D)
  A phantasmal warrior (D)
  A smoke demon (D)
  A kobold demonologist (D)
  A guardian mummy (D)
  2 blink frogs (D)
  A water elemental (D)
  3 redbacks (D)
  2 yaks (D)
  A porcupine (D)
  A crocodile (D)
  A mummy (D)
23 creatures vanquished.

Vanquished Creatures (others)
  3 deep elf master archers (D)
  A draconian knight (D)
  A vampire mage (D)
  A shadow wraith (D)
  A tyrant leech (D)
  A porcupine (shapeshifter) (D)
  A giant cockroach (D)
  A bat simulacrum (D)
  A kobold (D)
11 creatures vanquished.

Grand Total: 597 creatures vanquished

Notes
Turn   | Place    | Note
-------+----------+-------------------------------------------
     0 | D        | schets the Demonspawn Monk began the quest for the Orb.
     0 | D        | Reached XP level 1. HP: 18/18 MP: 1/1
    20 | D        | Found a bloodstained altar of Trog.
    20 | D        | Found a shimmering blue altar of Sif Muna.
    20 | D        | Found a viscous altar of Jiyva.
    20 | D        | Found a hazy altar of Hepliaklqana.
    20 | D        | Found an opulent altar of Gozag.
    21 | D        | Found a glowing golden altar of the Shining One.
    21 | D        | Found a glowing silver altar of Zin.
    21 | D        | Found a basalt altar of Yredelemnul.
    21 | D        | Found a shimmering altar of Xom.
    21 | D        | Found an ornate altar of the Wu Jian Council.
    21 | D        | Found a sacrificial altar of Ru.
    21 | D        | Found a stormy altar of Qazlal.
    21 | D        | Found an iron altar of Okawaru.
    21 | D        | Found a sparkling altar of Nemelex Xobeh.
    21 | D        | Found a burning altar of Makhleb.
    21 | D        | Found a blossoming altar of Fedhas.
    21 | D        | Found a white marble altar of Elyvilon.
    21 | D        | Found a shadowy altar of Dithmenos.
    21 | D        | Found a snail-covered altar of Cheibriados.
    22 | D        | Found a radiant altar of Vehumet.
    22 | D        | Found a corrupted altar of Lugonu.
    22 | D        | Found a roughly hewn altar of Beogh.
    23 | D        | Found an ancient bone altar of Kikubaaqudgha.
    23 | D        | Found a hide-covered altar of Uskayaw.
    23 | D        | Found a shattered altar of Ashenzari.
    42 | D        | Became a worshipper of Qazlal Stormbringer
    42 | D        | Reached * piety under Qazlal
    42 | D        | Reached ** piety under Qazlal
   101 | D        | Reached skill level 1 in Invocations
   244 | D        | Reached skill level 1 in Armour
   244 | D        | Gained mutation: You have a pair of small antennae on your
                  | head. [demonic ancestry]
   244 | D        | Reached XP level 2. HP: 20/25 MP: 1/3
   247 | D        | Reached *** piety under Qazlal
   527 | D        | Reached XP level 3. HP: 30/30 MP: 5/5
   554 | D        | Reached **** piety under Qazlal
   667 | D        | Gained mutation: You have a pair of antennae on your head.
                  | [demonic ancestry]
   667 | D        | Reached XP level 4. HP: 21/38 MP: 5/7
   813 | D        | Noticed a centaur
   835 | D        | Killed a centaur
   835 | D        | Reached skill level 5 in Fighting
   835 | D        | Reached skill level 5 in Unarmed Combat
   835 | D        | Reached XP level 5. HP: 28/46 MP: 7/9
  1127 | D        | Reached ***** piety under Qazlal
  1145 | D        | Noticed a death yak
  1187 | D        | Killed a death yak
  1187 | D        | Reached skill level 5 in Dodging
  1187 | D        | Reached XP level 6. HP: 45/56 MP: 3/13
  1332 | D        | Noticed a fire bat
  1347 | D        | Gained mutation: You are partially covered in slimy green
                  | scales. (AC +2) [demonic ancestry]
  1347 | D        | Reached XP level 7. HP: 62/62 MP: 14/14
  1357 | D        | Killed a fire bat
  1357 | D        | Reached skill level 10 in Invocations
  1374 | D        | Noticed a guardian mummy
  1374 | D        | Noticed a yak
  1374 | D        | Noticed a yak
  1374 | D        | Noticed a yak
  1381 | D        | Killed a yak
  1381 | D        | Reached skill level 5 in Armour
  1383 | D        | Killed a yak
  1385 | D        | Killed a guardian mummy
  1385 | D        | Reached XP level 8. HP: 47/71 MP: 9/16
  1761 | D        | Noticed a kobold demonologist
  1763 | D        | Noticed a jumping spider
  1765 | D        | Noticed a lindwurm
  1766 | D        | Reached skill level 10 in Fighting
  1770 | D        | Noticed an orange demon
  1770 | D        | Killed a shadow wraith
  1774 | D        | Noticed an orange demon
  1784 | D        | Killed a lindwurm
  1787 | D        | Killed a jumping spider
  1787 | D        | Gained mutation: You regenerate a little health from kills.
                  | [demonic ancestry]
  1787 | D        | Reached XP level 9. HP: 38/79 MP: 8/18
  1787 | D        | Killed a kobold demonologist
  1787 | D        | Reached ****** piety under Qazlal
  1787 | D        | Reached skill level 10 in Unarmed Combat
  2099 | D        | Noticed a death yak
  2105 | D        | Killed a death yak
  2112 | D        | Noticed a manticore
  2123 | D        | Killed a manticore
  2157 | D        | Noticed a wizard
  2157 | D        | Noticed Harold
  2158 | D        | Reached XP level 10. HP: 77/89 MP: 20/20
  2159 | D        | Noticed a molten gargoyle
  2160 | D        | Reached skill level 15 in Invocations
  2160 | D        | Killed a molten gargoyle
  2160 | D        | Killed a wizard
  2160 | D        | Killed Harold
  2162 | D        | Noticed a naga warrior
  2163 | D        | Noticed a naga mage
  2164 | D        | Killed a deep elf mage
  2164 | D        | Killed a naga mage
  2165 | D        | Noticed a naga warrior
  2170 | D        | Killed a naga warrior
  2170 | D        | Reached XP level 11. HP: 97/99 MP: 4/23
  2175 | D        | Noticed a flayed ghost
  2222 | D        | Killed a flayed ghost
  2245 | D        | Killed a naga warrior
  2430 | D        | HP: 5/100 [poisoned by a redback]
  2435 | D        | HP: 5/100 [poisoned by a redback]
  2443 | D        | HP: 5/100 [poisoned by a redback]
  2849 | D        | Paralysed by a floating eye for 2 turns
  2853 | D        | Paralysed by a floating eye for 4 turns
  2889 | D        | Noticed a deep elf mage
  2899 | D        | Noticed Grum
  2900 | D        | Killed a deep elf mage
  2918 | D        | Killed Grum
  2958 | D        | Reached skill level 10 in Dodging
  3290 | D        | Noticed Edmund
  3307 | D        | Killed Edmund
  3674 | D        | Noticed a death yak
  3674 | D        | Noticed a death yak
  3674 | D        | Noticed a death yak
  3675 | D        | Killed a death yak
  3675 | D        | Reached skill level 15 in Fighting
  3675 | D        | Reached skill level 1 in Evocations
  3675 | D        | Killed a death yak
  3675 | D        | Reached skill level 10 in Armour
  3682 | D        | Killed a death yak
  3740 | D        | Reached XP level 12. HP: 110/110 MP: 25/25
  3741 | D        | Noticed a nagaraja
  3760 | D        | Killed a nagaraja
  4237 | D        | Noticed a vampire knight
  4245 | D        | Paralysed by a vampire knight for 7 turns
  4261 | D        | Killed a vampire knight
  4476 | D        | Noticed a death cob
  4476 | D        | Noticed a naga warrior
  4476 | D        | Noticed an orc warlord
  4476 | D        | Noticed a naga warrior
  4476 | D        | Noticed a yaktaur captain
  4476 | D        | Noticed a naga warrior
  4476 | D        | Noticed an anaconda
  4476 | D        | Noticed a vault guard
  4477 | D        | Killed a yaktaur captain
  4477 | D        | Reached skill level 15 in Unarmed Combat
  4477 | D        | Reached skill level 5 in Evocations
  4477 | D        | Killed a death cob
  4477 | D        | Killed a naga warrior
  4477 | D        | Killed an orc warlord
  4477 | D        | Gained mutation: You are mostly covered in slimy green
                  | scales. (AC +3) [demonic ancestry]
  4477 | D        | Reached XP level 13. HP: 119/119 MP: 25/27
  4477 | D        | Noticed an orc warlord
  4622 | D        | Killed an orc warlord
  4717 | D        | Noticed an emperor scorpion
  4746 | D        | Killed an emperor scorpion
  5013 | D        | Got the +0 hat of the Battered Cities {+Inv rN+ SInv}
  5036 | D        | Found the +10 large shield of Ignorance {rN+ Int-4}
  5216 | D        | Noticed a balrug
  5216 | D        | Noticed Gastronok
  5218 | D        | Reached skill level 1 in Shields
  5218 | D        | Noticed a minotaur
  5225 | D        | Noticed a merfolk javelineer
  5231 | D        | Killed Eustachio
  5237 | D        | Killed a balrug
  5242 | D        | Killed a minotaur
  5242 | D        | Reached XP level 14. HP: 113/131 MP: 3/28
  5250 | D        | Reached skill level 5 in Shields
  5363 | D        | Killed Gastronok
  5665 | D        | Noticed an Ice Fiend
  5667 | D        | Noticed a red draconian knight
  5694 | D        | Killed a red draconian knight
  5840 | D        | Noticed Frederick
  5846 | D        | Killed Frederick
  5945 | D        | Noticed a stone giant
  5972 | D        | Killed a stone giant
  5991 | D        | Noticed a purple draconian knight
  6026 | D        | Killed a purple draconian knight
  6026 | D        | Reached skill level 10 in Shields
  6042 | D        | Noticed a lich
  6045 | D        | Paralysed by a lich for 2 turns
  6049 | D        | Noticed a lich
  6049 | D        | Noticed a Killer Klown
  6054 | D        | Killed a lich
  6058 | D        | Killed a Killer Klown
  6058 | D        | Gained mutation: You are completely covered in slimy green
                  | scales. (AC +4, rPois) [demonic ancestry]
  6058 | D        | Reached XP level 15. HP: 99/141 MP: 21/30
  6060 | D        | Killed a lich
  6224 | D        | Noticed a nagaraja
  6250 | D        | Killed a nagaraja
  6270 | D        | Got Wivvotu's Incunabulum of Unholy Transmigration
  6303 | D        | Got the amulet "Nyebbil" {Reflect rC+ SH+2}
  6305 | D        | Got the amulet of Luivu {RegenMP Slay+3 Stlth+}
  6307 | D        | Got the amulet of Joy {+Rage rPois rN+ Str+5 Dex-5}
  6309 | D        | Got the amulet "Caler" {Spirit Stlth+}
  6311 | D        | Got the amulet of Tempters {Reflect SH+2 Stlth+}
  6313 | D        | Got the amulet of Gueroew {Harm *Drain rPois Str+2}
  6315 | D        | Got the amulet "Moivuqy" {RegenMP Int+2}
  6317 | D        | Got the amulet "Hilegeub" {Faith *Drain rElec rPois Str+5}
  6319 | D        | Got the amulet "Totab" {Harm *Drain rF+ MR+ Str-3 Dex+8}
  6321 | D        | Got the amulet "Jeitoad" {*Drain rElec rPois Regen+ Int+2}
  6323 | D        | Got the amulet of the Thistle {Gourm rPois rC+}
  6325 | D        | Got the amulet "Plog" {RegenMP Fragile rElec rC+ Dex+6}
  6327 | D        | Got the amulet "Fuin" {+Rage rPois rF+ rC- rN+}
  6373 | D        | Got the ring of Haheaf {rC+ Int+6 Dex+4}
  6375 | D        | Got the ring of the Cricket {rPois MR+ Dex+3 Slay-2 Stlth+}
  6377 | D        | Got the ring "Vaxenus" {*Drain rC+ Slay+5 Stlth+}
  6379 | D        | Got the ring of the Komtur {*Corrode rElec rF+ Int+4
                  | Stlth+}
  6381 | D        | Got the ring of the Priest {rPois Int+4}
  6383 | D        | Got the ring of Gewul {*Drain rElec Int+9 Dex+6}
  6385 | D        | Got the ring "Ewiener" {+Fly rPois SInv}
  6387 | D        | Got the ring of Honesty {-Tele rElec rF+ Str+8 Int+7}
  6389 | D        | Got the ring of Jujohopt {+Blink MP+9 Str+6 Int-3 Slay+2}
  6391 | D        | Got the ring "Execan" {Fire *Corrode MR+ Int+3}
  6393 | D        | Got the ring "Geinwy" {Ice rPois Int+6 Slay-4}
  6395 | D        | Got the ring "Biaqam" {rElec rN+ Str-3 SInv}
  6405 | D        | Got the ring "Jehipis" {rF+ rN+ MR+}
  6793 | D        | Reached skill level 15 in Dodging
  6821 | D        | Noticed Mara
  6829 | D        | Killed Mara
  6829 | D        | Reached skill level 15 in Armour
  6851 | D        | Noticed Polyphemus
  6866 | D        | Killed Polyphemus
  6936 | D        | Noticed an orc warlord
  6945 | D        | Killed an orc warlord
  6945 | D        | Reached skill level 15 in Shields
  6948 | D        | Noticed a frost giant
  6955 | D        | Killed a frost giant
  6955 | D        | Gained mutation: Your magical and physical power is
                  | slightly enhanced at high health. [demonic ancestry]
  6955 | D        | Reached XP level 16. HP: 99/152 MP: 21/32
  7052 | D        | Noticed an electric golem
  7069 | D        | Killed an electric golem
  7293 | D        | Noticed a golden dragon
  7294 | D        | Killed a golden dragon
  7393 | D        | Got a silver rune of Zot
  7588 | D        | Noticed a deep elf master archer
  7589 | D        | Killed a deep elf master archer
  7654 | D        | Reached skill level 10 in Evocations
  7811 | D        | Noticed a titan
  7811 | D        | Noticed a deep elf blademaster
  7811 | D        | Noticed a deep elf master archer
  7811 | D        | Noticed a titan
  7814 | D        | Killed a titan
  7814 | D        | Gained mutation: You have a pair of large antennae on your
                  | head. (SInv) [demonic ancestry]
  7814 | D        | Reached XP level 17. HP: 100/162 MP: 34/34
  7814 | D        | Killed a titan
  7814 | D        | Killed a deep elf master archer
  7814 | D        | Killed a deep elf blademaster
  7820 | D        | Reached skill level 27 in Invocations
  7826 | D        | Noticed a profane servitor
  7841 | D        | Killed a profane servitor
  7972 | D        | Got the +2 pair of gloves of Mirth {rCorr Int+3}
  7981 | D        | Got the +2 pair of boots of the Gusle {rElec}
  8026 | D        | Noticed a deep elf blademaster
  8027 | D        | Noticed an Ice Fiend
  8029 | D        | Noticed a quicksilver dragon
  8031 | D        | Killed a quicksilver dragon
  8031 | D        | Killed an Ice Fiend
  8038 | D        | Killed a deep elf blademaster
  8182 | D        | Got the ring of Dishonesty {Dex+2 SInv}
  8184 | D        | Got the amulet "Wieneid" {Regen+ Str+5}
  8314 | D        | Learned a level 8 spell: Controlled Blink
  8340 | D        | Noticed a Tzitzimitl
  8347 | D        | Killed a Tzitzimitl
  8347 | D        | Reached skill level 1 in Spellcasting
  8613 | D        | Noticed a hellephant
  8626 | D        | Killed a hellephant
  8626 | D        | Reached skill level 5 in Translocations
  8635 | D        | Noticed a Brimstone Fiend
  8639 | D        | Killed a Brimstone Fiend
  8664 | D        | Noticed Roses the pandemonium lord
  8671 | D        | Killed Roses the pandemonium lord
  8680 | D        | Noticed an electric golem
  8680 | D        | Noticed a titan
  8680 | D        | Noticed a titan
  8683 | D        | Killed a titan
  8683 | D        | Killed an electric golem
  8683 | D        | Reached skill level 5 in Spellcasting
  8683 | D        | Reached skill level 10 in Translocations
  8685 | D        | Killed a titan
  8847 | D        | Noticed a Tzitzimitl
  8857 | D        | Killed a Tzitzimitl
  8857 | D        | Gained mutation: When hurt, damage is shared between your
                  | health and your magic reserves. [demonic ancestry]
  8857 | D        | Reached XP level 18. HP: 158/175 MP: 35/35
  9000 | D        | Noticed a Killer Klown
  9006 | D        | Noticed a shard shrike
  9006 | D        | a Killer Klown changed into a shard shrike
  9012 | D        | Killed a shard shrike
  9012 | D        | Reached skill level 15 in Evocations
  9136 | D        | Noticed the Serpent of Hell
  9155 | D        | Killed the Serpent of Hell
  9461 | D        | Noticed a greater mummy
  9461 | D        | Noticed a bone dragon
  9461 | D        | Noticed a greater mummy
  9461 | D        | Noticed a bone dragon
  9461 | D        | Noticed a greater mummy
  9461 | D        | Noticed an ancient lich
  9461 | D        | Noticed a lich
  9466 | D        | Killed a lich
  9466 | D        | Reached skill level 15 in Translocations
  9466 | D        | Killed a greater mummy
  9466 | D        | Killed a bone dragon
  9466 | D        | Noticed a bone dragon
  9551 | D        | Killed a greater mummy
  9551 | D        | Killed a greater mummy
  9551 | D        | Reached skill level 10 in Spellcasting
  9552 | D        | Killed an ancient lich
  9574 | D        | Killed a bone dragon
  9601 | D        | Killed a bone dragon
  9827 | D        | Noticed a bone dragon
  9830 | D        | Noticed a greater mummy
  9844 | D        | Killed a bone dragon
  9856 | D        | Killed a greater mummy
  9856 | D        | Gained mutation: Your magical and physical power is
                  | enhanced at high health. [demonic ancestry]
  9856 | D        | Reached XP level 19. HP: 179/184 MP: 25/36
  9900 | D        | Identified the cursed +1 mace "Killer Bee's Curse" {freeze,
                  | rPois rC+++ MR- Stlth-}
  9952 | D        | Identified the +6 glaive "Suhapnit" {freeze, MR+ Int+2}
  9952 | D        | Identified the cursed +1 shortbow "Podytt" {venom, *Drain
                  | rPois MP-9 Dex+6}
 10008 | D        | Noticed a lich
 10016 | D        | Killed a lich
 10041 | D        | Identified a ring of the Octopus King {rF+ AC+1 EV+1 Str+1
                  | Int+1 Dex+1}
 10055 | D        | Noticed a bone dragon
 10075 | D        | Killed a bone dragon
 10153 | D        | Noticed an ancient lich
 10155 | D        | Identified the +4 shortbow "Ucomuyv" {velocity, Int+4}
 10155 | D        | Identified the cursed +1 robe of Fedhas's Generosity {rF+
                  | rC+ MR- Str+6}
 10160 | D        | Killed an ancient lich
 10160 | D        | Killed an ancient lich
 10163 | D        | Killed an ancient lich
 10167 | D        | Noticed a greater mummy
 10175 | D        | Killed a greater mummy
 10502 | D        | Got a golden rune of Zot
 10614 | D        | Got the +4 chain mail of Time Monsters {MR+ Str+4}
 10653 | D        | Noticed Margery
 10655 | D        | Noticed an electric golem
 10655 | D        | Noticed a Tzitzimitl
 10655 | D        | Identified the amulet "Xuitoc" {Faith rElec rN++ Str-4
                  | Int+3}
 10656 | D        | Killed a Tzitzimitl
 10669 | D        | Killed Margery
 10671 | D        | Noticed Lufumn the pandemonium lord
 10680 | D        | Killed an electric golem
 10687 | D        | Killed Lufumn the pandemonium lord
 10697 | D        | Noticed an electric golem
 10704 | D        | Killed an electric golem
 10755 | D        | Noticed a Tzitzimitl
 10769 | D        | Killed a Tzitzimitl
 10820 | D        | Reached skill level 27 in Fighting
 11122 | D        | Reached skill level 27 in Unarmed Combat
 11136 | D        | Noticed a lich
 11138 | D        | Killed a lich
 11138 | D        | Gained mutation: You regenerate magic rapidly. [demonic
                  | ancestry]
 11138 | D        | Reached XP level 20. HP: 188/197 MP: 38/38
 11163 | D        | Noticed a pearl dragon
 11166 | D        | Reached skill level 15 in Spellcasting
 11169 | D        | Killed a pearl dragon
 11172 | D        | Noticed Gloorx Vloq
 11173 | D        | Noticed an orb of fire
 11174 | D        | Noticed a curse toe
 11175 | D        | Killed an orb of fire
 11175 | D        | Killed Gloorx Vloq
 11176 | D        | Killed a curse toe
 11201 | D        | Noticed a curse toe
 11203 | D        | Killed a curse toe
 11234 | D        | Noticed a greater mummy
 11248 | D        | Killed a greater mummy
 11467 | D        | Found the +8 Wrath of Trog {antimagic, *Rage}
 11469 | D        | Got the ring of Mothejed {rPois MR- Str+7}
 11472 | D        | Got the ring "Ruzium" {+Fly Dex+6 Slay+3 Stlth+}
 11474 | D        | Got an iron rune of Zot
 11483 | D        | Got the ring of Neirohu {rN++ Str+3}
 11486 | D        | Got the ring of Rautalet {Fire rElec rPois MP-9 Dex+6}
 11490 | D        | Got the ring "Ympumukk" {rElec rF++ rC- MR+}
 11497 | D        | Got the amulet of Greed {RegenMP MR- MP+9 Int+5 Dex+3}
 11521 | D        | Got the ring of the Ancients {-Tele MR+ Str+6 Dex+6}
 11587 | D        | Got the ring of Bialuo {rC+ Str+4 Slay+3}
 11590 | D        | Got the amulet "Fasha" {Reflect *Slow rC+ Str+4 SH+4
                  | Stlth+}
 11596 | D        | Got the amulet "Qezxoisu" {Faith *Corrode +Blink rPois
                  | Int+3}
 11735 | D        | Got the ring "Neang" {Int+4 Slay+3}
 11897 | D        | Noticed Dissolution
 11898 | D        | Noticed Mennas
 11899 | D        | Killed Mennas
 11899 | D        | Killed Dissolution
 11964 | D        | Noticed Xtahua
 11966 | D        | Killed Xtahua
 11966 | D        | Gained mutation: You regenerate health from kills. [demonic
                  | ancestry]
 11966 | D        | Reached XP level 21. HP: 204/204 MP: 42/42
 11966 | D        | Noticed Fute the pandemonium lord
 11978 | D        | Killed Fute the pandemonium lord
 12058 | D        | Noticed Geryon
 12088 | D        | Killed Geryon
 12088 | D        | Reached skill level 27 in Translocations
 12124 | D        | Noticed Uxeckutivy the pandemonium lord
 12127 | D        | Reached skill level 27 in Armour
 12129 | D        | Killed Uxeckutivy the pandemonium lord
 12150 | D        | Noticed Jory
 12164 | D        | Killed Jory
 12218 | D        | Noticed Nikola
 12231 | D        | Noticed an ancient lich
 12231 | D        | Noticed a Killer Klown
 12232 | D        | Killed Nikola
 12232 | D        | Killed a Killer Klown
 12232 | D        | Killed an ancient lich
 12232 | D        | Reached skill level 27 in Evocations
 12271 | D        | Noticed the 27-headed Lernaean hydra
 12274 | D        | Killed the 27-headed Lernaean hydra
 12274 | D        | Reached skill level 27 in Shields
 12276 | D        | Noticed the Royal Jelly
 12277 | D        | Noticed Ignacio
 12277 | D        | Noticed a curse toe
 12277 | D        | Noticed Antaeus
 12279 | D        | Gained mutation: You regenerate a lot of health from kills.
                  | [demonic ancestry]
 12279 | D        | Reached XP level 22. HP: 143/212 MP: 27/47
 12279 | D        | Killed the Royal Jelly
 12279 | D        | Killed a curse toe
 12279 | D        | Reached skill level 27 in Dodging
 12281 | D        | Killed Ignacio
 12286 | D        | Killed Antaeus
 13025 | D        | Got the Orb of Zot
 13038 | D        | Gained mutation: You are frail. (-10% HP) [a cacodemon]
 13039 | D        | Reached skill level 27 in Spellcasting
 13039 | D        | Reached skill level 1 in Crossbows
 13039 | D        | Reached skill level 1 in Throwing
 13039 | D        | Reached skill level 1 in Hexes
 13104 | D        | Escaped with the Orb!

Levels and vault maps discovered:
D:        pitsprint [storerooms_1, entrance_room_1, metal_vault_6, armoury_3,
          mini_pit_1, grid_room_1, main_hall_1, silver_pit, the_coven_3,
          the_vestibule_1, steel_vault_1, golden_pit, hallway_of_sentries,
          crystal_vault_3, iron_vault_1, final_vault]

Skill      XL: |  1  2  3  4  5  6  7  8  9 10 11 12 13 14 15 16 17 18 19 20 21 22 |
---------------+-------------------------------------------------------------------+-----
Unarmed Combat | 3 4 5 7 8 9 11 12 14 15 17 19 21 23 24 25 27 | 27.0
Invocations    | 2 3 4 6 9 11 12 14 16 18 20 21 23 24 26 27 | 27.0
Armour         | 1 2 3 4 5 6 7 8 10 11 12 14 15 17 19 21 22 25 27 | 27.0
Dodging        | 3 4 5 6 7 8 9 10 11 12 14 15 18 19 21 22 26 27 | 27.0
Fighting       | 4 5 8 9 10 12 13 15 16 18 20 21 22 24 25 27 | 27.0
Evocations     | 2 6 9 10 14 17 19 23 27 | 27.0
Shields        | 4 11 15 18 20 21 23 25 27 | 27.0
Spellcasting   | 5 11 14 17 21 27 | 27.0
Translocations | 11 18 21 25 27 | 27.0
Crossbows      | 1 |  1.0
Throwing       | 1 |  1.0
Stealth        | 2 |  2.6
Hexes          | 1 |  1.7

Action                   |  1- 3 |  4- 6 |  7- 9 | 10-12 | 13-15 | 16-18 | 19-21 | 22-24 || total
-------------------------+-------+-------+-------+-------+-------+-------+-------+-------++-------
Melee: Unarmed           |    67 |    57 |    67 |   119 |   306 |   259 |   271 |       ||  1146
       Punch             |       |       |     2 |     5 |     4 |       |       |       ||    11
Throw: Javelin           |       |       |       |       |       |     6 |     3 |       ||     9
Invok: Elemental Force   |       |     1 |     3 |     4 |     6 |       |       |       ||    14
       Upheaval          |       |       |     1 |    10 |    18 |    15 |    11 |       ||    55
       Disaster Area     |       |       |       |     3 |    11 |    10 |    15 |     6 ||    45
 Abil: Evoke Invisibilit |       |       |       |       |     2 |       |       |       ||     2
Evoke: Crystal ball of e |       |       |       |       |       |       |     1 |     3 ||     4
  Use: Potion            |     2 |       |     2 |     4 |       |     1 |     4 |       ||    13
       Scroll            |       |       |     1 |       |       |     2 |       |       ||     3
 Stab: Sleeping          |     1 |       |       |       |       |       |       |       ||     1
       Invisible         |       |       |       |       |     8 |       |       |       ||     8
       Petrified         |       |       |       |       |     1 |       |       |       ||     1
  Eat: Chunk             |       |     1 |     3 |     5 |     4 |     3 |       |     1 ||    17
       Ration            |       |       |       |     1 |     1 |     2 |     2 |     3 ||     9
Armor: Robe              |     4 |       |       |       |       |       |       |       ||     4
       Chain mail        |     4 |    32 |    44 |    66 |    54 |    33 |    22 |       ||   255
       Gold dragon scale |       |       |       |       |       |       |    11 |     1 ||    12
Dodge: Dodged            |    44 |    19 |    42 |    73 |    76 |    47 |    41 |     1 ||   343
       Deflected         |       |     3 |     1 |     2 |    16 |     2 |     4 |     1 ||    29
Block: Other             |     9 |    13 |    26 |    52 |    13 |       |       |       ||   113
       Large shield      |       |       |       |       |   289 |   285 |   299 |       ||   873
       Reflection        |       |       |       |       |     7 |    14 |    18 |       ||    39

Table legend:
 A = Non-vault XP
 B = Vault XP
 C = Vault XP percentage of total XP
 D = Non-vault monster count
 E = Vault monster count
 F = Vault count percentage of total count
                 A         B        C        D         E       F
            +---------+---------+-------+---------+---------+-------
      Total |       0 |  759404 | 100.0 |       0 |     577 | 100.0
            +---------+---------+-------+---------+---------+-------
          D |       0 |  759404 | 100.0 |       0 |     577 | 100.0
            +---------+---------+-------+---------+---------+-------
